 Dungeon Crawl Stone Soup version 0.24-a0-441-g27f0392e16 (console) character file.

Game seed: 1566636391570380856

932 Voker57 the Skirmisher (level 7, -6/53 HPs)
             Began as a Demonspawn Monk on June 19, 2019.
             Was a Believer of Hepliaklqana.
             Splashed by a gnoll's acid (13 damage)
             ... on level 4 of the Dungeon.
             The game lasted 00:11:34 (6816 turns).

Voker57 the Skirmisher (Demonspawn Monk)            Turns: 6816, Time: 00:11:34

Health: -6/53      AC:  2    Str: 11    XL:     7   Next: 86%
Magic:  7/7        EV: 16    Int: 12    God:    Hepliaklqana [**....]
Gold:   155        SH:  0    Dex: 17    Spells: 6/6 levels left

rFire    . . .     SeeInvis .   a - +0 morningstar (flame)
rCold    . . .     Gourm    .   (no shield)
rNeg     . . .     Faith    .   f - +0 robe
rPois    .         Spirit   .   (no helmet)
rElec    .         Reflect  .   (no cloak)
rCorr    .         Harm     .   (no gloves)
MR       .....                  (no boots)
Stlth    ++++......             (no amulet)
HPRegen  0.17/turn              (no ring)
MPRegen  0.10/turn              (no ring)

@: no status effects
A: reduced essence, nightstalker 2
a: Recall Ancestor, Ancestor Identity, Renounce Religion


You were on level 4 of the Dungeon.
You worshipped Hepliaklqana.
Hepliaklqana was pleased with you.
You were not hungry.

You visited 1 branch of the dungeon, and saw 4 of its levels.
You also visited: Sewer.

You collected 155 gold pieces.

Inventory:

Hand Weapons
 a - a +0 morningstar of flaming (weapon)
 b - a +0 dagger of venom
 k - a +1 mace
 u - a +1 whip of flaming
Armour
 f - a +0 robe (worn)
Wands
 t - a wand of polymorph (9)
Scrolls
 h - a scroll of teleportation
 j - a scroll of remove curse
 m - 3 scrolls of identify
 n - 3 scrolls of blinking
 q - 2 scrolls of enchant weapon
Potions
 d - 2 potions of agility
 e - a potion of lignification {unknown}
 g - 2 potions of flight {unknown}
 i - 2 potions of haste {unknown}
 l - 2 potions of might {unknown}
 o - 2 potions of brilliance {unknown}
 p - 3 potions of heal wounds {unknown}
 r - a potion of magic {unknown}
 s - 5 potions of curing
 v - a potion of resistance {unknown}
Comestibles
 c - 6 rations


   Skills:
 + Level 6.9 Fighting
 - Level 3.1 Maces & Flails
 + Level 6.2 Dodging
 - Level 2.0 Stealth
 + Level 0.0 Invocations


You had 6 spell levels left.
You didn't know any spells.
Your spell library contained the following spells:

 Spells                   Type           Power        Failure   Level  Hunger
 Animate Skeleton         Necr           N/A          32%         1    ##.....
 Beastly Appendage        Tmut           #.....       32%         1    ##.....
 Pain                     Necr           #...         32%         1    ##.....
 Sticks to Snakes         Tmut           #.......     45%         2    ###....
 Regeneration             Chrm/Necr      #.........   69%         3    ####...
 Spider Form              Tmut/Pois      #.........   69%         3    ####...
 Vampiric Draining        Necr           #.........   69%         3    ####...
 Animate Dead             Necr           N/A          97%         4    #####..
 Ice Form                 Ice/Tmut       #.......     97%         4    #####..
 Blade Hands              Tmut           #.........   100%        5    ######.


Dungeon Overview and Level Annotations

Branches:
Dungeon (4/15)
 Temple: D:4-7

Altars:
Gozag
Hepliaklqana
Ru

Annotations:
D:4 5 runed translucent doors


Innate Abilities, Weirdness & Mutations

You are significantly more attuned to the shadows.
Your life essence is reduced to manifest your ancestor. (-10% HP)


Message History

The hound bites you.
Impisi hits the hound with a +0 quarterstaff!
The hound dies!
You see here a hound corpse.
You enter the shallow water.
Moving in this stuff is going to be slow.
You enter the shallow water.
Moving in this stuff is going to be slow.
v - a fuming yellow potion You start resting.
The gnoll is too close now for your liking.
A gnoll is nearby!
A gnoll is nearby!
The gnoll zaps a wand.
The bolt of acid hits you!
You are splashed with acid!
You are too injured to fight recklessly!
You are too injured to fight recklessly!
The gnoll zaps a wand.
The bolt of acid hits you!!
* * * LOW HITPOINT WARNING * * *
You are splashed with acid!
You die...

.≈≈≈.# .#8..8#..... .≈≈≈.#
.'....')g... .≈≈≈.# .'...gg..gg.
.≈≈≈.# #....#...g. .≈≈≈.#
#...)###### .≈≈≈.# #....# .≈≈≈.#
#....# .≈≈### #....#
.≈≈#...#############)'''#########
.≈≈#...#........@....)...........
.≈≈#####≈≈≈≈≈≈≈≈R≈≈g....≈≈≈≈≈≈≈≈≈
.≈≈≈≈≈≈≈≈≈≈≈≈≈≈≈≈≈≈≈....≈≈≈≈≈≈≈≈≈
.≈≈≈≈≈≈≈≈≈≈≈≈≈≈≈≈≈≈≈....≈≈≈≈≈≈≈≈≈
..............).%..†.............
###############>............)....
#.#..#.#.#.....##..
#.#....#.#...#.##.#
#.##.....###.#....# #.#...#... .
######


You could see the friendly Impisi the battlemage and a gnoll.

Vanquished Creatures
  3 big kobolds (Sewer)
  A gnoll shaman (D:4)
  2 worker ants
  5 gnolls
  5 adders
  7 river rats
  3 oozes
  2 worms
  3 leopard geckos
  An orc (D:4)
  4 ball pythons (Sewer)
  5 giant cockroaches
  4 goblins
  6 hobgoblins
  10 jackals
  A quokka (D:2)
  10 bats
  6 frilled lizards
  15 kobolds
  A leopard gecko skeleton (D:4)
  24 rats
118 creatures vanquished.

Vanquished Creatures (collateral kills)
  Grinder (D:4)
  A crimson imp (D:4)
  2 hounds (D:4)
  6 gnolls (D:4)
  An adder zombie (D:4)
  13 jackals (D:4)
  A jackal skeleton (D:4)
  A plant (D:4)
26 creatures vanquished.

Vanquished Creatures (others)
  2 battlemagi (D:4)
2 creatures vanquished.

Grand Total: 146 creatures vanquished

Notes
Turn   | Place    | Note
-------+----------+-------------------------------------------
     0 | D:1      | Voker57 the Demonspawn Monk began the quest for the Orb.
     0 | D:1      | Reached XP level 1. HP: 18/18 MP: 1/1
   415 | D:1      | Gained mutation: You are slightly more attuned to the
                  | shadows. [demonic ancestry]
   415 | D:1      | Reached XP level 2. HP: 24/24 MP: 2/2
   773 | D:1      | Reached XP level 3. HP: 28/29 MP: 3/3
  2006 | D:2      | Reached XP level 4. HP: 29/37 MP: 4/4
  3078 | D:3      | Found a glowing drain.
  3095 | D:3      | Gained mutation: You are significantly more attuned to the
                  | shadows. [demonic ancestry]
  3095 | D:3      | Reached XP level 5. HP: 16/43 MP: 5/5
  3122 | Sewer    | Entered a sewer
  3511 | Sewer    | Reached skill level 5 in Fighting
  3511 | Sewer    | Reached XP level 6. HP: 15/51 MP: 6/6
  4267 | Sewer    | Reached skill level 5 in Dodging
  5168 | D:3      | Found an opulent altar of Gozag.
  5599 | D:4      | Found a sacrificial altar of Ru.
  5636 | D:4      | Reached XP level 7. HP: 50/57 MP: 7/7
  5672 | D:4      | Found a hazy altar of Hepliaklqana.
  5678 | D:4      | Became a worshipper of Hepliaklqana the Forgotten
  5678 | D:4      | Reached * piety under Hepliaklqana
  5678 | D:4      | Reached ** piety under Hepliaklqana
  5679 | D:4      | Remembered your ancestor Impisi as a battlemage
  5805 | D:4      | Found a runed translucent gate.
  5805 | D:4      | Found a runed translucent gate.
  5805 | D:4      | Found a runed translucent gate.
  5832 | D:4      | Found a large runed translucent door.
  5833 | D:4      | Found a large runed translucent door.
  5840 | D:4      | Found a large runed translucent door.
  5840 | D:4      | Found a large runed translucent door.
  6702 | D:4      | Noticed Grinder
  6723 | D:4      | Killed Grinder
  6816 | D:4      | Splashed by a gnoll's acid

Levels and vault maps discovered:
D:1:      lightli_arrival_quake, layout_loops_ring
D:2:      layout_basic
D:3:      layout_basic, nicolae_gozag_seed_capital, portal_sewer_entry_b,
          first_ration
D:4:      lemuel_castle_with_subvaults [lemuel_castle_interior_carwin_2],
          layout_basic, lemuel_crystal_altar, lemuel_doored_altar,
          ebering_ghost_rock_garden, hangedman_abyss_or_decor_stabs,
          grunt_ministairs_2, minmay_hollow_rounded_squares, uniq_duvessa,
          uniq_grinder

Skill      XL: |  1  2  3  4  5  6  7 |
---------------+----------------------+-----
Maces & Flails | 3 |  3.1
Dodging        | 3 4 5 6 |  6.2
Stealth        | 2 |  2.0
Fighting       | 4 5 6 |  6.9

Action                   |  1- 3 |  4- 6 |  7- 9 || total
-------------------------+-------+-------+-------++-------
Melee: Mace              |    42 |       |       ||    42
       Dagger            |    75 |   211 |    58 ||   344
       Whip              |    20 |       |       ||    20
       Morningstar       |       |       |     4 ||     4
Invok: Ancestor Life: Ba |       |       |     1 ||     1
  Use: Scroll            |     3 |     7 |     1 ||    11
       Potion            |       |     2 |       ||     2
 Stab: Sleeping          |    11 |    16 |     5 ||    32
       Distracted        |       |     2 |       ||     2
  Eat: Chunk             |     2 |     9 |     2 ||    13
       Ration            |       |     1 |     1 ||     2
Armor: Robe              |    27 |    24 |     7 ||    58
Dodge: Dodged            |   119 |   145 |    71 ||   335

Table legend:
 A = Non-vault XP
 B = Vault XP
 C = Vault XP percentage of total XP
 D = Non-vault monster count
 E = Vault monster count
 F = Vault count percentage of total count
                 A         B        C        D         E       F
            +---------+---------+-------+---------+---------+-------
      Total |     311 |    1021 |  76.7 |      64 |      79 |  55.2
            +---------+---------+-------+---------+---------+-------
        D:1 |      49 |       0 |   0.0 |      26 |       0 |   0.0
        D:2 |      53 |       0 |   0.0 |      17 |       0 |   0.0
        D:3 |     119 |      28 |  19.0 |      13 |       3 |  18.8
        D:4 |      90 |     545 |  85.8 |       8 |      28 |  77.8
      Sewer |       0 |     448 | 100.0 |       0 |      48 | 100.0
            +---------+---------+-------+---------+---------+-------
